 Dungeon Crawl Stone Soup version 0.25-a0-591-g2ad0d861f1 (webtiles) character file.

Game seed: 7527343813624548249, levelgen mode: deterministic

108796 Haet the Geomancer (level 16, 0/100 HPs)
             Began as a Gargoyle Earth Elementalist on Mar 13, 2020.
             Was the Champion of Vehumet.
             Slain by a shambling mangrove (15 damage)
             ... on level 2 of the Swamp on Mar 14, 2020.
             The game lasted 01:35:53 (34236 turns).

Haet the Geomancer (Gargoyle Earth Elementalist)   Turns: 34236, Time: 01:35:53

Health: 0/100      AC: 28    Str: 12    XL:     16   Next: 50%
Magic:  12/30      EV: 17    Int: 21    God:    Vehumet [******]
Gold:   2388       SH:  2    Dex: 14    Spells: 0/36 levels left

rFire    + . .     SeeInvis .   i - +2 flail (drain)
rCold    . . .     Gourm    .   (no shield)
rNeg     + + .     Faith    .   f - +2 robe {MR+}
rPois    ∞         Spirit   .   s - +2 helmet
rElec    +         Reflect  +   k - +2 cloak
rCorr    .         Harm     .   (no gloves)
MR       ++...                  I - +2 pair of boots {Stlth+}
Stlth    +++.......             j - +2 amulet of reflection
HPRegen  0.26/turn              t - ring of wizardry
MPRegen  0.22/turn              T - ring "Vymar" {rF+ rN+ Str-2 Dex+4 Stlth+}

@: grasped by roots, flying, constricted
A: big wings, talons 1, repulsion field 1, yellow scales 1, negative energy
resistance 1, electricity resistance, unbreathing, petrification resistance, rot
immunity, AC +12
a: Stop Flying, Renounce Religion


You were on level 2 of the Swamp.
You worshipped Vehumet.
Vehumet was exalted by your worship.
You were very hungry.

You visited 5 branches of the dungeon, and saw 26 of its levels.
You visited 1 bazaar.
You also visited: Ice Cave.

You collected 2927 gold pieces.
You spent 539 gold pieces at shops.

Inventory:

Hand Weapons
 i - a +2 flail of draining (weapon)
 v - a +2 great mace of holy wrath
 F - a +0 morningstar
 U - a +0 morningstar of draining
Missiles
 b - 137 stones (quivered)
 n - 5 silver javelins
Armour
 f - a +2 robe of magic resistance (worn)
 k - a +2 cloak (worn)
 s - a +2 helmet (worn)
 I - a +2 pair of boots of stealth (worn)
Magical Staves
 B - an uncursed staff of energy
 D - an uncursed staff of fire
Jewellery
 j - a +2 amulet of reflection (around neck)
 r - a +3 ring of evasion
 t - a ring of wizardry (left hand)
 x - an uncursed amulet of regeneration
 T - the ring "Vymar" (right hand) {rF+ rN+ Str-2 Dex+4 Stlth+}
   (You found it on level 6 of the Lair of Beasts)

   [ring of stealth]

   It affects your strength (-2).
   It affects your dexterity (+4).
   It protects you from fire.
   It protects you from negative energy.
   It makes you more stealthy.
Wands
 w - a wand of digging (2)
 z - a wand of polymorph (5)
 J - a wand of flame (22)
 K - a wand of enslavement (8)
 O - a wand of iceblast (2)
 P - a wand of acid (10)
 R - a wand of disintegration (10)
Scrolls
 e - 3 scrolls of fear
 g - 5 scrolls of remove curse
 l - 3 scrolls of magic mapping
 p - 11 scrolls of identify
 y - 6 scrolls of teleportation
 C - a scroll of blinking
 E - 3 scrolls of fog
 G - a scroll of immolation
 L - a scroll of holy word
 S - a scroll of amnesia
Potions
 a - 5 potions of stabbing
 c - a potion of resistance
 m - 3 potions of brilliance
 q - 2 potions of haste
 u - a potion of invisibility
 A - 4 potions of cancellation
 H - a potion of ambrosia
 M - 4 potions of mutation
 N - 2 potions of curing
 Q - 2 potions of might
Miscellaneous
 h - a phial of floods
Comestibles
 d - 47 rations
 o - a chunk of flesh


   Skills:
 + Level 11.0 Fighting
 + Level 10.2 Maces & Flails
 - Level 6.0 Armour
 + Level 8.9 Dodging
 - Level 2.1 Stealth
 + Level 10.8 Spellcasting
 + Level 12.2 Conjurations
 - Level 0.7 Transmutations
 * Level 10.2 Fire Magic
 + Level 13.8 Earth Magic
 - Level 6.0 Evocations


You couldn't memorise any spells.
You knew the following spells:

 Your Spells              Type           Power        Failure   Level  Hunger
a - Sandblast             Erth           ######       0%          1    None
b - Stone Arrow           Conj/Erth      ######       1%          3    None
c - Lee's Rapid Deconstr  Erth           ######....   1%          5    ####...
d - Iron Shot             Conj/Erth      ######....   1%          6    ######.
e - Bolt of Magma         Conj/Fire/Erth ######....   1%          5    ####...
f - Starburst             Conj/Fire      ######....   1%          6    ######.
g - Fireball              Conj/Fire      ######....   1%          5    ####...
h - Yara's Violent Unrav  Hex/Tmut       ##........   16%         5    ####...

Your spell library contained the following spells:

 Spells                   Type           Power        Failure   Level  Hunger
 Spellforged Servitor     Conj/Summ      #####.....   36%         7    #######
 Beastly Appendage        Tmut           ##....       1%          1    None
 Magic Dart               Conj           ####         1%          1    None
 Shock                    Conj/Air       ####         1%          1    None
 Passwall                 Tmut/Erth      #####...     1%          2    None
 Conjure Flame            Conj/Fire      ######..     1%          3    None
 Ignite Poison            Fire/Tmut/Pois ####....     1%          3    None
 Mephitic Cloud           Conj/Pois/Air  ####....     1%          3    None
 Static Discharge         Conj/Air       #####...     1%          3    None
 Petrify                  Tmut/Erth      #####...     1%          4    ##.....
 Lightning Bolt           Conj/Air       #####.....   1%          5    ####...
 Infusion                 Chrm           ##..         2%          1    None
 Summon Small Mammal      Summ           ##..         2%          1    None
 Sticks to Snakes         Tmut           ##......     2%          2    None
 Blink                    Tloc           N/A          3%          2    None
 Call Imp                 Summ           ##......     3%          2    None
 Ensorcelled Hibernation  Hex/Ice        ##....       3%          2    None
 Shroud of Golubria       Chrm/Tloc      ##....       3%          2    None
 Slow                     Hex            ##......     3%          2    None
 Song of Slaying          Chrm           ##......     3%          2    None
 Swiftness                Chrm/Air       ##......     3%          2    None
 Borgnjor's Vile Clutch   Necr/Erth      #####.....   4%          5    ####...
 Spider Form              Tmut/Pois      ##........   6%          3    None
 Airstrike                Air            ##........   7%          4    ##.....
 Call Canine Familiar     Summ           ##......     8%          3    None
 Ozocubu's Armour         Chrm/Ice       ##......     8%          3    None
 Spectral Weapon          Hex/Chrm       ##......     8%          3    None
 Summon Guardian Golem    Hex/Summ       ##......     8%          3    None
 Conjure Ball Lightning   Conj/Air       #####.....   9%          6    ######.
 Ice Form                 Ice/Tmut       ##......     21%         4    ##.....
 Summon Ice Beast         Ice/Summ       ##......     24%         4    ##.....
 Summon Lightning Spire   Summ/Air       ##......     24%         4    ##.....
 Blade Hands              Tmut           ##........   43%         5    ####...
 Ignition                 Fire           ######....   47%         8    #######
 Silence                  Hex/Air        ##........   52%         5    ####...
 Ring of Flames           Chrm/Fire      ####......   91%         7    #######
 Darkness                 Hex            ##........   97%         6    ######.
 Deflect Missiles         Chrm/Air       ##........   97%         6    ######.
 Shadow Creatures         Summ           N/A          97%         6    ######.
 Tornado                  Air            ##........   100%        9    #######


Dungeon Overview and Level Annotations

Branches:
Dungeon (15/15)            Temple (1/1) D:5            Lair (6/6) D:8
  Swamp (2/4) Lair:3        Snake (0/4) Lair:4        Slime (0/5) Lair:5
    Orc (2/2) D:11            Elf (0/3) Orc:2        Vaults (0/5) D:14
 Depths (0/5) D:15          IceCv (visited)

Altars:
Ashenzari
Cheibriados
Dithmenos
Elyvilon
Fedhas
Gozag
Hepliaklqana
Kikubaaqudgha
Makhleb
Nemelex Xobeh
Okawaru
Qazlal
Ru
Sif Muna
Trog
Uskayaw
Vehumet
Xom
Yredelemnul
Zin
The Shining One

Shops:
D:9 *   D:12 ?   D:14 ?   Orc:2 (([%

Annotations:
D:3 3 runed translucent doors, TPSeer's ghost, amateur HaFi
D:7 2 transporters, Thargor's ghost, novice KoSu


Innate Abilities, Weirdness & Mutations

You are resistant to torment.
Your stone body is resilient. (AC +12)
You are immune to poison.
Your large and strong wings let you fly indefinitely.
You resist negative energy. (rN+)
You are resistant to electric shocks. (rElec)
You can survive without breathing.
You are immune to petrification.
You are immune to rotting.
You have sharp toenails.
You are surrounded by a mild repulsion field. (EV +2)
You are partially covered in yellow scales. (AC +2)


Message History

Roots burst forth from the earth!
The grasping roots grab you! The grasping roots constrict you.
Unknown command.
Unknown command.
Evoke which item? (* to show all) (? for menu, Esc to quit)
Aiming: Corrosive Bolt
Press: ? - help, Shift-Dir - straight line, f/p - shambling mangrove
Aim: a shambling mangrove (flame, heavily damaged)
The bolt of acid hits the bog body!
The bog body is splashed with acid!
The acid corrodes the bog body!
You destroy the bog body!
Vehumet accepts your kill.
The bolt of acid hits the shambling mangrove!
The shambling mangrove is splashed with acid!
The acid corrodes the shambling mangrove!
The shambling mangrove is severely damaged.
The shambling mangrove is engulfed in blazing flames.
Angry insects surge out from beneath the shambling mangrove's foliage!
You die...

.≈.♣...≈≈≈...§≈♣ ≈
♣....≈≈≈≈.....♣♣
.≈♣.≈≈.≈≈≈≈..≈≈≈≈♣♣
.≈..≈≈≈..≈≈§§§≈♣..♣♣
..♣≈≈≈≈≈.≈≈≈≈y☼♣♣..♣♣
≈..≈♣≈≈≈.≈≈§§..♣♣♣..♣♣♣♣
≈≈..≈≈≈≈.≈≈.§○.♣♣♣♣<...♣♣♣♣
..≈≈≈...≈♣≈(☼f†♣<.♣♣♣♣.≈≈.♣
≈..≈≈.≈.≈...♣♣♣@♣.≈....≈..♣
..♣.≈≈≈≈i§§≈♣ ♣♣♣♣♣♣♣♣♣♣≈♣♣
...♣≈...(((≈♣ ♣♣♣ ..
♣....(f.♣♣ ♣.≈≈..≈.$≈.♣
≈≈≈.≈≈...♣♣ ≈≈≈≈♣.≈...♣
.≈≈≈≈..≈≈.♣ §≈≈≈§....♣


You could see a shambling mangrove and a hornet.

Vanquished Creatures
  A fire giant (D:15)
  An orc warlord (Orc:1)
  The ghost of glosham the Unseen, a journeyman KoAK of Lugonu (D:14)
  A white draconian (IceCv)
  A fire dragon (D:12)
  Erolcha (D:9)
  5 hydras
  An anaconda (Lair:4)
  2 alligators (Swamp:1)
  3 two-headed ogres
  6 centaur warriors
  3 death yaks (IceCv)
  2 tengu warriors
  An orc high priest (Orc:2)
  A skeletal warrior (D:14)
  3 unseen horrors
  A deep elf archer (D:14)
  Pikel (D:8)
  3 orc knights
  3 manticores
  7 ugly things
  4 deep elf magi
  An orc sorcerer (Orc:2)
  A moth of wrath (D:5)
  2 cyclopes
  12 black mambas
  6 elephants (Lair:3)
  3 gargoyles
  A rime drake (Lair:2)
  12 spiny frogs
  14 komodo dragons
  A freezing wraith (D:14)
  A kobold demonologist (D:13)
  4 yaktaurs (D:14)
  23 polar bears
  A tengu conjurer (D:13)
  7 hornets
  5 trolls
  Prince Ribbit (D:8)
  3 bog bodies
  2 tyrant leeches (Swamp:1)
  15 blink frogs
  13 slime creatures
  A harpy skeleton (D:14)
  19 dream sheep
  12 hippogriffs
  A vampire (D:12)
  43 yaks
  A shadow (D:12)
  A wraith (D:13)
  17 spriggans
  6 wyverns
  A steam dragon (Lair:4)
  A hungry ghost (D:13)
  3 basilisks
  8 vampire mosquitoes
  4 swamp worms
  3 wargs
  An acid dragon (D:8)
  2 soldier ants
  22 water moccasins
  3 porcupines
  2 slaves (D:8)
  2 sky beasts
  12 ice beasts
  37 orc warriors
  7 black bears
  2 phantoms
  A swamp drake (Swamp:1)
  3 necrophages
  4 boggarts (Lair:6)
  18 centaurs
  3 eyes of draining
  15 ogres
  80 wolves
  11 crocodiles
  27 bullfrogs
  A big kobold (D:14)
  2 wyvern skeletons
  5 scorpions
  10 killer bees
  13 wights
  6 howler monkeys
  11 crimson imps
  2 bullfrog zombies
  4 centaur zombies
  11 jellies
  8 hounds
  13 orc priests
  A quasit (D:14)
  9 centaur skeletons
  3 iguanas
  26 orc wizards
  8 worker ants
  A hound zombie (D:6)
  2 hound skeletons
  2 worker ant zombies
  8 gnolls
  A howler monkey skeleton (D:4)
  12 adders
  A shadow imp (D:12)
  3 oozes (Lair:5)
  2 adder skeletons
  6 worms
  2 dart slugs
  6 leopard geckos
  86 orcs
  8 bats
  3 giant cockroaches
  15 goblins
  12 hobgoblins
  16 jackals
  4 kobolds
  4 quokkas
  A ball python (Lair:4)
  A ball python skeleton (D:4)
  4 frilled lizards (D:1)
  2 jackal skeletons
  A leopard gecko zombie (D:5)
  9 rats
  A fungus (Lair:3)
899 creatures vanquished.

Vanquished Creatures (others)
  Urug (Orc:2)
  A troll (Orc:2)
  5 orc warriors (Orc:2)
  An ogre (Orc:2)
  A wolf (IceCv)
  5 orcs
  A bush (Lair:6)
  12 fungi
  4 plants
31 creatures vanquished.

Grand Total: 930 creatures vanquished

Notes
Turn   | Place    | Note
-------+----------+-------------------------------------------
     0 | D:1      | Haet the Gargoyle Earth Elementalist began the quest for
                  | the Orb.
     0 | D:1      | Reached XP level 1. HP: 10/10 MP: 3/3
   305 | D:1      | Reached skill level 4 in Earth Magic
   305 | D:1      | Reached XP level 2. HP: 12/15 MP: 5/5
   775 | D:1      | Reached XP level 3. HP: 19/19 MP: 7/7
   780 | D:1      | Learned a level 3 spell: Stone Arrow
  1010 | D:1      | Reached skill level 1 in Conjurations
  1388 | D:1      | Reached XP level 4. HP: 19/24 MP: 8/8
  1830 | D:2      | Found a shattered altar of Ashenzari.
  1865 | D:2      | Reached skill level 5 in Earth Magic
  2209 | D:3      | Reached XP level 5. HP: 28/28 MP: 9/9
  2216 | D:3      | Learned a level 5 spell: Lee's Rapid Deconstruction
  2294 | D:3      | Found a sparkling altar of Nemelex Xobeh.
  2332 | D:3      | Noticed TPSeer's ghost (amateur HaFi)
  2339 | D:3      | Found a runed translucent gate.
  2339 | D:3      | Found a runed translucent gate.
  2339 | D:3      | Found a runed translucent gate.
  2977 | D:4      | Reached XP level 6. HP: 27/32 MP: 3/11
  3240 | D:4      | Found a glowing golden altar of the Shining One.
  3555 | D:4      | Noticed a phantom
  3585 | D:4      | Killed a phantom
  3585 | D:4      | Reached skill level 6 in Earth Magic
  3930 | D:5      | Entered Level 5 of the Dungeon
  3930 | D:5      | Noticed a two-headed ogre
  3935 | D:5      | Killed a two-headed ogre
  3935 | D:5      | Reached skill level 5 in Spellcasting
  3935 | D:5      | Reached skill level 5 in Conjurations
  3935 | D:5      | Reached skill level 7 in Earth Magic
  3935 | D:5      | Reached XP level 7. HP: 9/36 MP: 7/14
  3935 | D:5      | Reached XP level 8. HP: 10/41 MP: 7/15
  4411 | D:5      | Found a staircase to the Ecumenical Temple.
  4423 | Temple   | Entered the Ecumenical Temple
  4509 | Temple   | Became a worshipper of Vehumet
  4908 | D:5      | Reached skill level 1 in Fighting
  4916 | D:5      | Reached skill level 8 in Earth Magic
  5086 | D:5      | Reached skill level 1 in Maces & Flails
  5086 | D:5      | Reached skill level 1 in Armour
  5095 | D:5      | Reached skill level 1 in Evocations
  5165 | D:5      | Noticed a moth of wrath
  5168 | D:5      | Found a bloodstained altar of Trog.
  5170 | D:5      | Killed a moth of wrath
  5170 | D:5      | Reached XP level 9. HP: 48/48 MP: 6/17
  5419 | D:6      | Reached * piety under Vehumet
  5419 | D:6      | Offered knowledge of Magic Dart by Vehumet.
  6391 | D:6      | Reached ** piety under Vehumet
  6391 | D:6      | Offered knowledge of Shock by Vehumet.
  6605 | D:6      | Reached XP level 10. HP: 56/56 MP: 8/19
  6644 | D:6      | Found an ancient bone altar of Kikubaaqudgha.
  6658 | D:6      | Found a hide-covered altar of Uskayaw.
  6929 | D:7      | Reached skill level 9 in Earth Magic
  7427 | D:7      | Found a transporter.
  7431 | D:7      | Noticed Thargor's ghost (novice KoSu)
  7431 | D:7      | Noticed a moth of wrath
  7466 | D:7      | Found a transporter.
  7654 | D:8      | Noticed Prince Ribbit
  7675 | D:8      | Offered knowledge of Static Discharge by Vehumet.
  7676 | D:8      | Killed Prince Ribbit
  8025 | D:8      | Reached *** piety under Vehumet
  8342 | D:8      | Noticed Pikel
  8350 | D:8      | Killed Pikel
  8412 | D:8      | You fall into a shaft and drop 2 floors!
  8412 | D:10     | Entered Level 10 of the Dungeon
  8668 | D:8      | Offered knowledge of Inner Flame by Vehumet.
  9038 | D:8      | Reached XP level 11. HP: 42/62 MP: 11/21
  9038 | D:8      | Reached skill level 5 in Fighting
  9255 | D:8      | Found a staircase to the Lair.
  9263 | D:8      | Reached skill level 5 in Armour
  9534 | D:9      | Noticed a cyan ugly thing
  9546 | D:9      | Killed a cyan ugly thing
  9573 | D:9      | Reached **** piety under Vehumet
  9852 | D:9      | Found a shimmering blue altar of Sif Muna.
  9870 | D:9      | Offered knowledge of Frozen Ramparts by Vehumet.
  9895 | D:9      | Noticed Erolcha
  9912 | D:9      | Killed Erolcha
  9912 | D:9      | Reached skill level 10 in Earth Magic
 10129 | D:9      | Found Zin's Purification Station.
 10134 | D:9      | Found a glowing silver altar of Zin.
 10156 | D:9      | Reached skill level 5 in Maces & Flails
 10228 | D:9      | Found a shimmering altar of Xom.
 10229 | D:9      | Found a burning altar of Makhleb.
 10464 | D:9      | Found a basalt altar of Yredelemnul.
 11564 | D:11     | Noticed a manticore
 11573 | D:11     | Killed a manticore
 11669 | D:11     | Noticed a red ugly thing
 11861 | D:11     | Found a flickering gateway to a bazaar.
 11872 | D:11     | Noticed a centaur warrior
 11876 | Bazaar   | Entered a bazaar
 11889 | Bazaar   | Found Zokaj's Jewellery Shoppe.
 11947 | Bazaar   | Found Kydef's Gadget Shoppe.
 12000 | Bazaar   | Found Neboakuw's Jewellery Shoppe.
 12043 | Bazaar   | Found Kawn's Gadget Boutique.
 12306 | D:11     | Killed a centaur warrior
 12306 | D:11     | Reached skill level 5 in Dodging
 12766 | D:11     | Found a staircase to the Orcish Mines.
 12794 | D:11     | Reached ***** piety under Vehumet
 12794 | D:11     | Offered knowledge of Iron Shot by Vehumet.
 12804 | D:11     | Learned a level 6 spell: Iron Shot
 12982 | D:11     | Reached skill level 5 in Evocations
 12982 | D:11     | Reached XP level 12. HP: 70/70 MP: 18/23
 13371 | D:12     | Noticed a four-headed hydra
 13375 | D:12     | Killed a four-headed hydra
 13511 | D:12     | Noticed a two-headed ogre
 13515 | D:12     | Killed a two-headed ogre
 13901 | D:12     | Noticed a fire dragon
 13934 | D:12     | Killed a fire dragon
 14293 | D:12     | Found Runul's Magic Scroll Emporium.
 14299 | D:12     | Bought a scroll of magic mapping for 45 gold pieces
 14299 | D:12     | Bought a scroll of identify for 26 gold pieces
 14299 | D:12     | Bought a scroll of teleportation for 39 gold pieces
 14299 | D:12     | Bought a scroll of identify for 26 gold pieces
 14299 | D:12     | Bought a scroll of identify for 26 gold pieces
 14299 | D:12     | Bought a scroll of identify for 26 gold pieces
 14719 | D:13     | Noticed a tengu warrior
 14750 | D:12     | Killed a tengu warrior
 14750 | D:12     | Reached skill level 11 in Earth Magic
 15413 | D:13     | Noticed a tengu warrior
 15422 | D:13     | Killed a tengu warrior
 15471 | D:13     | Reached XP level 13. HP: 77/77 MP: 10/25
 16009 | D:13     | Offered knowledge of Bolt of Magma by Vehumet.
 16016 | D:13     | Learned a level 5 spell: Bolt of Magma
 16444 | D:14     | Reached skill level 1 in Fire Magic
 17112 | D:14     | Reached skill level 10 in Conjurations
 17534 | D:14     | Found a runed translucent door.
 17534 | D:14     | Noticed glosham's ghost (journeyman KoAK)
 18296 | D:14     | Found a gate to the Vaults.
 18400 | D:14     | Found Zanaic's Magic Scroll Shoppe.
 18404 | D:14     | Bought a scroll of holy word for 112 gold pieces
 18404 | D:14     | Bought a scroll of magic mapping for 52 gold pieces
 18404 | D:14     | Bought a scroll of enchant armour for 112 gold pieces
 18404 | D:14     | Bought a scroll of identify for 30 gold pieces
 18470 | D:14     | Reached skill level 12 in Earth Magic
 18538 | D:14     | Gained mutation: You have sharp toenails. [potion of
                  | mutation]
 18538 | D:14     | Gained mutation: You are surrounded by a mild repulsion
                  | field. (EV +2) [potion of mutation]
 18538 | D:14     | Gained mutation: You are partially covered in yellow
                  | scales. (AC +2) [potion of mutation]
 18772 | Lair:1   | Entered Level 1 of the Lair of Beasts
 18834 | Lair:1   | Gained mutation: Your large and strong wings let you fly
                  | indefinitely. [Gargoyle growth]
 18834 | Lair:1   | Reached XP level 14. HP: 41/84 MP: 27/27
 18858 | Lair:1   | Reached skill level 5 in Fire Magic
 20399 | Lair:2   | Upgraded the game from 0.25-a0-589-g1e14c549ee to
                  | 0.25-a0-591-g2ad0d861f1
 20454 | Lair:2   | Offered knowledge of Yara's Violent Unravelling by Vehumet.
 20535 | Lair:2   | Learned a level 5 spell: Yara's Violent Unravelling
 22347 | Lair:3   | Found a staircase to the Swamp.
 23334 | Lair:4   | Learned a level 5 spell: Fireball
 23587 | Lair:4   | Found a staircase to the Snake Pit.
 24378 | Lair:4   | Reached skill level 10 in Spellcasting
 24445 | Lair:4   | Offered knowledge of Conjure Ball Lightning by Vehumet.
 24562 | Lair:4   | Reached XP level 15. HP: 88/92 MP: 23/29
 25041 | Lair:5   | Found a staircase to the Slime Pits.
 25658 | Lair:6   | Entered Level 6 of the Lair of Beasts
 25771 | Lair:6   | Reached skill level 10 in Fighting
 26124 | Lair:6   | Reached skill level 13 in Earth Magic
 26505 | Lair:6   | Got a bound copper ring
 26510 | Lair:6   | Identified the ring "Vymar" {rF+ rN+ Str-2 Dex+4 Stlth+}
                  | (You found it on level 6 of the Lair of Beasts)
 26616 | Lair:6   | Reached ****** piety under Vehumet
 26960 | Lair:6   | Offered knowledge of Freezing Cloud by Vehumet.
 27685 | Orc:1    | Entered Level 1 of the Orcish Mines
 27912 | Orc:2    | Entered Level 2 of the Orcish Mines
 27914 | Orc:2    | Noticed Urug
 28182 | D:12     | Bought a scroll of immolation for 45 gold pieces
 28314 | Orc:2    | Killed Urug
 28331 | Orc:2    | Found a bloodstained altar of Trog.
 28709 | Orc:2    | Found a staircase to the Elven Halls.
 29400 | Orc:2    | Found Bocukkei's Armour Shop.
 29400 | Orc:2    | Found Xurysixe's Weapon Emporium.
 29402 | Orc:2    | Found Erirog's Weapon Shoppe.
 29404 | Orc:2    | Found Led Xuehiwn's Food Boutique.
 29742 | Orc:1    | Noticed an orc warlord
 29767 | Orc:1    | Killed an orc warlord
 30299 | D:14     | Killed glosham's ghost
 30449 | D:15     | Entered Level 15 of the Dungeon
 30553 | D:15     | Found a frozen archway.
 30572 | IceCv    | Entered an ice cave
 30644 | IceCv    | Reached XP level 16. HP: 89/99 MP: 26/30
 31099 | IceCv    | Offered knowledge of Orb of Destruction by Vehumet.
 31322 | IceCv    | Reached skill level 10 in Maces & Flails
 31934 | D:15     | Found a staircase to the Depths.
 32073 | D:15     | Reached skill level 10 in Fire Magic
 32816 | D:15     | Learned a level 6 spell: Starburst
 33171 | Swamp:1  | Entered Level 1 of the Swamp
 33651 | Swamp:1  | Offered knowledge of Spellforged Servitor by Vehumet.
 34236 | Swamp:2  | Slain by a shambling mangrove

Levels and vault maps discovered:
D:1:      evilmike_arrival_hilbert_curve, layout_loops_ring, st_stairs_3,
          minmay_misc_feat_pillars
D:2:      layout_loops_ring, ashenzari_altar_1
D:3:      layout_rooms, nemelex_altar_shiori, gammafunk_ghost_split,
          minmay_misc_feat_cross
D:4:      layout_basic, lemuel_round_altar
D:5:      layout_basic, tgw_trog, minmay_temple_entry_ruins, first_ration
D:6:      layout_loops_cross, overflow_temple_1_default, old_standard_altar,
          nzn_random_ring
D:7:      layout_cave_pools, gammafunk_ghost_berserking_beasts
D:8:      layout_basic, nicolae_overflow_hidden_temple, erik_lair_dragon,
          uniq_prince_ribbit1, uniq_pikel
D:9:      layout_loops_ring, grunt_temple_overflow_champion_of_chaos,
          lemuel_round_altar, zin_purify, kennysheep_mini, uniq_erolcha
D:10:     layout_layer_cave
D:11:     layout_loops_ring, david_orc_4, serial_shops, bzr_entry_gold
D:12:     layout_loops_ring, serial_shops, nicolae_shop_crystal
D:13:     layout_loops_ring
D:14:     layout_roguey, hangedman_vaults_entry_quadrant_bands, serial_shops,
          shop_fountains, hellmonk_ghost_happy_afterlife, blue_anna_alchemist
          [blue_anna_fruit_fields, blue_anna_fruit_fields]
D:15:     grunt_enter_depths_giant_problem, layout_basic,
          portal_ice_cave_entry_ice_beasts, hex_tiny
Temple:   eino_temple_lava
Lair:1:   layout_layer_cave, grunt_forest_large_clearings
Lair:2:   layout_small_grid, st_stairs_3
Lair:3:   layout_regular_city, swamp_mist_pool
Lair:4:   beast_lair_carwin_large_3, layout_layer_cave,
          minmay_snake_entry_six_corridors
Lair:5:   layout_misc_corridors, minmay_slime_entry_jelly_boxes,
          grunt_megastairs_5, infiniplex_staircase_pool_2
Lair:6:   minmay_lair_end_enchanted_forest, layout_misc_corridors
Swamp:1:  layout_falls_marsh, evilmike_swamp_ruin_house_5, swamp_pool1
Swamp:2:  layout_falls_marsh, evilmike_swamp_ruin_rubble_1, swamp_pool3
Orc:1:    layout_diamond_mine
Orc:2:    st_orc_rangers, layout_caves, basic_altar, uniq_urug

Skill      XL: |  1  2  3  4  5  6  7  8  9 10 11 12 13 14 15 16 |
---------------+-------------------------------------------------+-----
Earth Magic    | 4 5 7 8 9 10 11 12 13 | 13.8
Conjurations   | 1 2 5 6 7 8 9 10 11 12 | 12.2
Spellcasting   | 3 5 6 7 8 9 10 | 10.8
Fighting       | 1 3 4 6 7 8 9 10 11 | 11.0
Maces & Flails | 1 3 4 5 6 7 8 9 10 | 10.2
Armour         | 1 3 4 6 |  6.0
Evocations     | 1 2 3 5 6 |  6.0
Dodging        | 2 3 4 5 6 7 8 |  8.9
Fire Magic     | 4 7 9 10 | 10.2
Stealth        | |  2.1
Transmutations | |  0.7

Action                   |  1- 3 |  4- 6 |  7- 9 | 10-12 | 13-15 | 16-18 || total
-------------------------+-------+-------+-------+-------+-------+-------++-------
Melee: Club              |    37 |       |       |       |       |       ||    37
       Short sword       |    71 |   151 |   253 |       |       |       ||   475
       Dagger            |       |       |    84 |   528 |   463 |       ||  1075
       Flail             |       |       |       |       |   812 |   386 ||  1198
 Cast: Sandblast         |    20 |    42 |    45 |   168 |   166 |    11 ||   452
       Stone Arrow       |     1 |     5 |     1 |     3 |     7 |       ||    17
       Lee's Rapid Decon |       |       |    20 |    46 |    93 |    17 ||   176
       Iron Shot         |       |       |       |    30 |    73 |    14 ||   117
       Fireball          |       |       |       |       |    33 |    17 ||    50
       Bolt of Magma     |       |       |       |       |     3 |     2 ||     5
 Abil: Fly               |       |       |       |       |     1 |       ||     1
Evoke: Tin of tremorston |       |       |       |     1 |       |       ||     1
       Wand              |       |       |       |     1 |    27 |     5 ||    33
       Phial of floods   |       |       |       |       |     1 |       ||     1
  Use: Scroll            |       |     6 |     6 |    15 |    13 |     3 ||    43
       Potion            |       |     4 |     1 |     8 |     4 |       ||    17
 Stab: Sleeping          |     5 |     5 |       |     2 |     6 |     4 ||    22
       Distracted        |       |       |       |       |     3 |     1 ||     4
  Eat: Chunk             |     2 |     6 |    11 |    29 |    64 |    16 ||   128
       Ration            |       |     1 |     1 |     7 |    12 |     1 ||    22
Armor: Robe              |    59 |    71 |   136 |   219 |   613 |   201 ||  1299
       Leather armour    |       |       |       |       |       |     2 ||     2
Dodge: Dodged            |    86 |   132 |   282 |   529 |  1683 |   385 ||  3097
Block: Other             |     7 |    16 |    23 |    43 |   131 |    33 ||   253
       Reflection        |       |       |       |       |     8 |     1 ||     9

Table legend:
 A = Non-vault XP
 B = Vault XP
 C = Vault XP percentage of total XP
 D = Non-vault monster count
 E = Vault monster count
 F = Vault count percentage of total count
                 A         B        C        D         E       F
            +---------+---------+-------+---------+---------+-------
      Total |  102716 |   52707 |  33.9 |     627 |     273 |  30.3
            +---------+---------+-------+---------+---------+-------
        D:1 |      82 |       1 |   1.2 |      38 |       1 |   2.6
        D:2 |      78 |       0 |   0.0 |      20 |       0 |   0.0
        D:3 |     127 |       0 |   0.0 |      18 |       0 |   0.0
        D:4 |     263 |       0 |   0.0 |       8 |       0 |   0.0
        D:5 |    1494 |     518 |  25.7 |      32 |       6 |  15.8
        D:6 |    1461 |     848 |  36.7 |      26 |      17 |  39.5
        D:7 |     889 |       0 |   0.0 |      26 |       0 |   0.0
        D:8 |    2399 |    1991 |  45.4 |      46 |       7 |  13.2
        D:9 |    2583 |    1066 |  29.2 |      23 |       2 |   8.0
       D:10 |    1091 |       0 |   0.0 |      15 |       0 |   0.0
       D:11 |    4313 |     628 |  12.7 |      19 |      16 |  45.7
       D:12 |    6543 |       0 |   0.0 |      18 |       0 |   0.0
       D:13 |   11258 |       0 |   0.0 |      47 |       0 |   0.0
       D:14 |    9502 |    7942 |  45.5 |      31 |      16 |  34.0
       D:15 |    4800 |    2902 |  37.7 |      24 |       9 |  27.3
     Lair:1 |    4650 |    3733 |  44.5 |      23 |      31 |  57.4
     Lair:2 |    4741 |     264 |   5.3 |      22 |       1 |   4.3
     Lair:3 |    8472 |       0 |   0.0 |      26 |       0 |   0.0
     Lair:4 |    5819 |    5665 |  49.3 |      26 |      26 |  50.0
     Lair:5 |    3412 |    1488 |  30.4 |      14 |      17 |  54.8
     Lair:6 |   13537 |    8986 |  39.9 |      48 |      46 |  48.9
    Swamp:1 |    4735 |       0 |   0.0 |      16 |       0 |   0.0
    Swamp:2 |    2897 |       0 |   0.0 |       7 |       0 |   0.0
      Orc:1 |    4765 |       0 |   0.0 |      31 |       0 |   0.0
      Orc:2 |    2805 |    3504 |  55.5 |      23 |      30 |  56.6
      IceCv |       0 |   13171 | 100.0 |       0 |      48 | 100.0
            +---------+---------+-------+---------+---------+-------
